 Dungeon Crawl Stone Soup version 0.29.0-4-gdea44cf6ec (webtiles) character file.

Game seed: 14156924829866417177

228 qw the Chopper (level 6, -7/35 HPs)
             Began as a Tengu Warper on Aug 28, 2022.
             Was an Initiate of Okawaru.
             Mangled by Sigmund
             ... wielding a +0 scythe
              (9 damage)
             ... on level 4 of the Dungeon.
             The game lasted 00:00:18 (3037 turns).

qw the Chopper (Tengu Warper)                       Turns: 3037, Time: 00:00:19

Health: -7/35      AC: 10    Str: 13    XL:     6   Next: 2%
Magic:  10/10      EV:  4    Int: 13    God:    Okawaru [......]
Gold:   131        SH:  0    Dex: 14    Spells: 9/9 levels left

rFire   . . .      SeeInvis .   Y - +0 hand axe
rCold   . . .      Faith    .   (no shield)
rNeg    . . .      Spirit   .   k - +0 plate armour
rPois   .          Reflect  .   (helmet restricted)
rElec   .          Harm     .   (no cloak)
rCorr   .          Rampage  .   (no gloves)
Will    .....                   (boots unavailable)
Stlth   ..........              (no amulet)
HPRegen 0.11/turn               (no ring)
MPRegen 0.12/turn               (no ring)

@: about to teleport, flying quickly and evasively, quick
A: beak, talons 3, nimble flight
a: Renounce Religion


You were on level 4 of the Dungeon.
You worshipped Okawaru.
Okawaru was noncommittal.
You visited 1 branch of the dungeon, and saw 4 of its levels.

You collected 131 gold pieces.


Innate Abilities, Weirdness & Mutations

You have a beak for a mouth.
You have claws for feet.
Your magical nature lets you fly swiftly and evasively.


   Skills:
 - Level 2.0 Fighting
 + Level 6.4 Axes
 - Level 1.0 Throwing
 - Level 2.0 Armour
 - Level 2.1 Dodging
 - Level 2.0 Spellcasting
 - Level 2.4 Translocations


You had 9 spell levels left.
You didn't know any spells.
Your spell library contained the following spells:

 Spells                   Type           Power      Damage    Failure   Level
 Blink                    Tloc           14%        N/A       100%        2
 Gell's Gravitas          Tloc           7%         N/A       100%        3
 Lesser Beckoning         Tloc           7%         N/A       100%        3
 Teleport Other           Tloc           7%         N/A       100%        3
 Manifold Assault         Tloc           7%         N/A       100%        5

Inventory:

Hand Weapons
 b - a +0 mace
 Y - a +0 hand axe (weapon)
Missiles
 c - a javelin (quivered)
Armour
 k - a +0 plate armour (worn)
Scrolls
 g - a scroll of identify
Potions
 h - a potion of haste
 i - a potion of heal wounds
 m - 4 potions of curing

Dungeon Overview and Level Annotations

Branches:
Dungeon (4/15)
 Temple: D:4-7

Altars:
Hepliaklqana
Okawaru

Annotations:
D:4 Sigmund


Message History

3022 ||| FLEEEEING.
3023 ||| FLEEEEING.
3024 ||| FLEEEEING.
A giant cockroach comes into view.
The goblin hits you but does no damage.
You closely miss the goblin. You claw the goblin.
The goblin is heavily wounded.
The goblin hits you but does no damage. Something hits you.
You hit the goblin but do no damage.
The goblin is heavily wounded.
The goblin barely misses you. Something hits you.
You closely miss the goblin. Your kick misses the goblin.
The goblin is heavily wounded.
The goblin hits you but does no damage.
You completely miss the goblin. You claw the goblin, but do no damage.
The goblin is heavily wounded.
Something hits you. The goblin barely misses you.
You hit the goblin.
You kill the goblin!
Okawaru accepts your kill. Something hits you but does no damage.
You closely miss the giant cockroach. The giant cockroach barely misses you.
You hit the giant cockroach but do no damage.
Your peck misses the giant cockroach.
The giant cockroach bites you but does no damage.
Something hits you!
You hit the giant cockroach but do no damage.
Your kick misses the giant cockroach. The giant cockroach bites you.
You barely miss the giant cockroach. You claw the giant cockroach.
The giant cockroach is severely wounded.
The giant cockroach bites you but does no damage.
Something hits you!
The giant cockroach bites you but does no damage.
3037 ||| READING scroll of teleportation.
As you read the scroll of teleportation, it crumbles to dust.
You feel strangely unstable. Something hits you!
You die...

............
#........... ...
#........... .....
#...........
.....#####...........
.....................
..........{.........
#.......)##........
#.....B@.##..###+##
#........##..#
#........##..#
#........##..+
#........##..#
#........+ ..#
#........# ####'#####
#.#


You could see a giant cockroach.

Vanquished Creatures
  A phantom (D:4)
  4 adders
  3 gnolls (D:2)
  3 worms
  5 dart slugs
  An orc (D:3)
  3 ball pythons
  5 bats
  9 endoplasms
  4 giant cockroaches (D:1)
  5 goblins
  4 hobgoblins
  5 jackals (D:1)
  5 kobolds
  A quokka (D:4)
  4 frilled lizards
  11 rats
73 creatures vanquished.

Notes
Turn   | Place    | Note
-------+----------+-------------------------------------------
     0 | D:1      | qw the Tengu Warper began the quest for the Orb.
     0 | D:1      | Reached XP level 1. HP: 12/12 MP: 4/4
     0 | D:1      | 0 ||| qw: Version: 0.1-a-89-g26bdef1
     0 | D:1      | 0 ||| qw: Game counter: 2623
     0 | D:1      | 0 ||| qw: Always use a shield: true
     0 | D:1      | 0 ||| qw: God list: Okawaru
     0 | D:1      | 0 ||| qw: Allow faded altars: false
     0 | D:1      | 0 ||| qw: Do Orc after D:15 true
     0 | D:1      | 0 ||| qw: Do second Lair branch before Depths: true
     0 | D:1      | 0 ||| qw: Lair rune preference: random
     0 | D:1      | 0 ||| qw: Plans: Normal
     0 | D:1      | 0 ||| PLANNING D:1-11
     1 | D:1      | Found a runed translucent door.
    38 | D:1      | 38 ||| Stepping ~*~*~tactically~*~*~ (stealth).
    40 | D:1      | 40 ||| Stepping ~*~*~tactically~*~*~ (stealth).
    45 | D:1      | 45 ||| Stepping ~*~*~tactically~*~*~ (stealth).
    49 | D:1      | 49 ||| Stepping ~*~*~tactically~*~*~ (hiding).
    60 | D:1      | Reached XP level 2. HP: 17/17 MP: 6/6
    81 | D:1      | Reached skill level 3 in Axes
   388 | D:1      | Noticed a golden eye
   390 | D:1      | Found a faded altar of an unknown god.
   391 | D:1      | 391 ||| UPGRADING to +0 plate armour.
   483 | D:1      | 483 ||| DROPPING +0 leather armour.
   490 | D:1      | 490 ||| Stepping ~*~*~tactically~*~*~ (stealth).
   501 | D:1      | 501 ||| Stepping ~*~*~tactically~*~*~ (stealth).
   505 | D:1      | Reached XP level 3. HP: 21/21 MP: 7/7
   505 | D:1      | Noticed an eye of devastation
   505 | D:1      | Noticed a golden eye
   505 | D:1      | Noticed an eye of devastation
   657 | D:1      | 657 ||| READING scroll labelled EGHOUT IKKARCHUNG.
   658 | D:1      | 658 ||| READING scroll labelled AGHUPA XIKUSOE.
   685 | D:1      | 685 ||| READING 3 scrolls labelled QOINOSA BATI.
   686 | D:1      | 686 ||| READING scroll labelled IKADDA MOABB.
   687 | D:1      | 687 ||| READING scroll labelled OCOTHR UNOIT.
   688 | D:1      | 688 ||| DRINKING 2 orange potions.
   689 | D:1      | 689 ||| DRINKING 2 pink potions.
   690 | D:1      | 690 ||| READING 2 scrolls of identify.
   690 | D:1      | 690 ||| IDENTIFYING fizzy orange potion
   691 | D:1      | 691 ||| DROPPING scroll of blinking.
   692 | D:1      | 692 ||| DROPPING potion of flight.
   693 | D:1      | 693 ||| Stepping randomly (stuck).
   701 | D:1      | Reached skill level 4 in Axes
   903 | D:2      | 903 ||| STAIRDANCE
   908 | D:2      | 908 ||| STAIRDANCE
   912 | D:1      | Reached XP level 4. HP: 26/26 MP: 8/8
   922 | D:2      | 922 ||| STAIRDANCE
  1286 | D:2      | 1286 ||| DROPPING +0 club.
  1369 | D:2      | Reached skill level 5 in Axes
  1376 | D:2      | HP: 3/26 [gnoll/+0 club (4)]
  1379 | D:2      | Gained mutation: Your magical nature lets you fly swiftly
                  | and evasively. [Tengu growth]
  1379 | D:2      | Reached XP level 5. HP: 4/30 MP: 9/9
  2015 | D:2      | 2015 ||| Stepping ~*~*~tactically~*~*~ (stealth).
  2203 | D:2      | 2203 ||| READING scroll labelled FYHOYS FOESOK.
  2428 | D:3      | Found an iron altar of Okawaru.
  2429 | D:3      | Found a hazy altar of Hepliaklqana.
  2433 | D:3      | Became a worshipper of Warmaster Okawaru
  2857 | D:3      | 2857 ||| READING scroll labelled ICIYTZ WUEGG.
  2858 | D:3      | 2858 ||| READING 4 scrolls of identify.
  2858 | D:3      | 2858 ||| IDENTIFYING smoky inky potion
  2859 | D:3      | 2859 ||| READING 3 scrolls of identify.
  2859 | D:3      | 2859 ||| IDENTIFYING fuming cyan potion
  2860 | D:3      | 2860 ||| READING 2 scrolls of identify.
  2860 | D:3      | 2860 ||| IDENTIFYING glowing pink potion
  2861 | D:3      | 2861 ||| DROPPING potion of attraction.
  2862 | D:3      | 2862 ||| DROPPING potion of lignification.
  2898 | D:4      | Noticed a phantom
  2909 | D:4      | Killed a phantom
  2910 | D:4      | Reached skill level 6 in Axes
  2910 | D:4      | Reached XP level 6. HP: 24/35 MP: 10/10
  3016 | D:4      | Noticed Sigmund
  3018 | D:4      | 3018 ||| FLEEEEING.
  3019 | D:4      | 3019 ||| FLEEEEING.
  3020 | D:4      | 3020 ||| FLEEEEING.
  3021 | D:4      | 3021 ||| FLEEEEING.
  3022 | D:4      | 3022 ||| FLEEEEING.
  3023 | D:4      | 3023 ||| FLEEEEING.
  3024 | D:4      | 3024 ||| FLEEEEING.
  3036 | D:4      | HP: 2/35 [something (7)]
  3037 | D:4      | 3037 ||| READING scroll of teleportation.
  3037 | D:4      | Mangled by Sigmund

Levels and vault maps discovered:
D:1:      dpeg_arrival_caged_fury, layout_rooms,
          hellmonk_ecumenical_altar_watching_god, bh_walls_and_bars
D:2:      layout_loops_ring, hangedman_decor_points
D:3:      layout_basic, grunt_temple_overflow_open
D:4:      layout_basic, minmay_temple_entry_glassed_door, serial_shops,
          nicolae_shop_waterfront, kennysheep_windowed_goal, uniq_sigmund

Skill      XL: |  1  2  3  4  5 |
---------------+----------------+-----
Axes           | 3 4 5 6 |  6.4
Armour         | 2 |  2.0
Fighting       | |  2.0
Throwing       | |  1.0
Dodging        | |  2.1
Spellcasting   | |  2.0
Translocations | |  2.4

Action                   |  1- 3 |  4- 6 || total
-------------------------+-------+-------++-------
Melee: Hand axe          |    76 |    75 ||   151
       Kick              |    22 |    16 ||    38
       Peck              |    15 |     8 ||    23
Throw: Boomerang         |     7 |       ||     7
       Javelin           |     4 |    25 ||    29
  Use: Scroll            |     6 |     6 ||    12
       Potion            |     2 |       ||     2
Armor: Leather armour    |     5 |       ||     5
       Plate armour      |    17 |    54 ||    71
Dodge: Dodged            |    14 |     7 ||    21

Table legend:
 A = Non-vault XP
 B = Vault XP
 C = Vault XP percentage of total XP
 D = Non-vault monster count
 E = Vault monster count
 F = Vault count percentage of total count
                 A         B        C        D         E       F
            +---------+---------+-------+---------+---------+-------
      Total |     288 |      38 |  11.7 |      53 |      20 |  27.4
            +---------+---------+-------+---------+---------+-------
        D:1 |      56 |      38 |  40.4 |      22 |      20 |  47.6
        D:2 |      98 |       0 |   0.0 |      18 |       0 |   0.0
        D:3 |      27 |       0 |   0.0 |      10 |       0 |   0.0
        D:4 |     107 |       0 |   0.0 |       3 |       0 |   0.0
            +---------+---------+-------+---------+---------+-------
